 Dungeon Crawl Stone Soup version 0.30.0-5-g1a98f26d00 (webtiles) character file.

Game seed: 12113237718189104602

7 jasper the Stinger (level 1, 0/14 HPs)
             Began as a Demigod Venom Mage on May 9, 2023.
             Slain by a hobgoblin (3 damage)
             ... on level 1 of the Dungeon.
             The game lasted 00:00:47 (215 turns).

jasper the Stinger (Demigod Venom Mage)              Turns: 215, Time: 00:00:47

Health: 0/14       AC:  2    Str:  9    XL:     1   Next: 66%
Magic:  3/5        EV: 12    Int: 17    God:
Gold:   2          SH:  0    Dex: 14    Spells: 2/3 levels left

rFire   . . .        e - +0 club
rCold   . . .        (no shield)
rNeg    . . .        a - +0 robe
rPois   .            (no helmet)
rElec   .            (no cloak)
rCorr   .            (no gloves)
SInv    .            (no boots)
Will    .....        (no amulet)
Stlth   ++           (no ring)
HPRegen 0.22/turn    (no ring)
MPRegen 0.09/turn

%: no passive effects
@: no status effects
A: high MP 1, forlorn, divine attributes
a: no special abilities


You were on level 1 of the Dungeon.
You visited 1 branch of the dungeon, and saw 1 of its levels.

You collected 2 gold pieces.

Inventory:

Hand Weapons
 e - a +0 club (weapon)
Armour
 a - a +0 robe (worn)
Scrolls
 d - a scroll of noise {unknown}
Potions
 b - a potion of magic
 c - a potion of heal wounds {unknown}


   Skills:
 - Level 1.7 Dodging
 - Level 1.7 Stealth
 - Level 1.7 Spellcasting
 - Level 0.8 Transmutations
 + Level 3.1 Poison Magic


You had 2 spell levels left.
You knew the following spells:

 Your Spells              Type           Power      Damage    Failure   Level
a - Sting                 Tmut/Pois      32%        1d4       9%          1

Your spell library contained the following spells:

 Spells                   Type           Power      Damage    Failure   Level
 Poisonous Vapours        Pois/Air       12%        N/A       16%         2
 Mephitic Cloud           Conj/Pois/Air  5%         N/A       36%         3
 Olgreb's Toxic Radiance  Pois           12%        N/A       47%         4


Dungeon Overview and Level Annotations

Branches:
Dungeon (1/15)


Innate Abilities, Weirdness & Mutations

You have an increased reservoir of magic. (+10% MP)
You shall have no god before yourself.
Your divine heritage dramatically boosts your attributes as you level up.


Message History

A hobgoblin comes into view.
The hobgoblin shouts!
An endoplasm comes into view.
Found 2 poisoned darts.
The hobgoblin hits you.
You take 2 damage, and have 9/14 hp.
The hobgoblin misses you.
Found a silvery potion.
The hobgoblin attacks as you move away! The hobgoblin barely misses you.
The hobgoblin attacks as you move away! The hobgoblin barely misses you.
The hobgoblin attacks as you move away! The hobgoblin hits you.
You take 2 damage, and have 9/14 hp.
The hobgoblin attacks as you move away! The hobgoblin closely misses you.
Unknown command.
A rat comes into view.
The hobgoblin attacks as you move away! The hobgoblin hits you.
Found a spear.
You take 3 damage, and have 7/14 hp.
MASSIVE DAMAGE!!
The hobgoblin attacks as you move away! The hobgoblin hits you.
* * * LOW HITPOINT WARNING * * *
You take 3 damage, and have 4/14 hp.
MASSIVE DAMAGE!!
Press: ? - help, v - describe, . - travel
Here: a rat The floor.
There are monsters nearby!
Casting: Sting (safe; 9% risk of failure)
Confirm with . or Enter, or press ? or * to list all spells.
Aiming: Sting (safe; 9% risk of failure)
Press: ? - help, Shift-Dir - straight line, f/p - rat
Aim: a rat (68% to hit)
The sting misses the rat.
The hobgoblin hits you.
* * * LOW HITPOINT WARNING * * *
You take 1 damage, and have 3/14 hp.
You now have 3/5 mp.
Casting: Sting (safe; 9% risk of failure)
Confirm with . or Enter, or press ? or * to list all spells.
Aiming: Sting (safe; 9% risk of failure)
Press: ? - help, Shift-Dir - straight line, f/p - rat
Aim: a rat (68% to hit)
The sting hits the rat.
The rat is poisoned.
You kill the rat!
The hobgoblin hits you.
You die...

#....##.................#
#....#<.................#
..>.!#####............[..
..$#.# #∩#######.∩##.∩#
.....########### ### ###
.#.............#### ####
g#....!...........#.....
.#..####.##..r###.......
.........##...gg@†......
.........##...#####...).
.........##..... ...
.......#.##.....# .
..........#...###
............###
.........!.. ............


You could see a hobgoblin, a goblin and a rat.

Vanquished Creatures
  2 endoplasms (D:1)
  A hobgoblin (D:1)
  3 ball pythons (D:1)
  A kobold (D:1)
  A rat (D:1)
8 creatures vanquished.

Notes
Turn   | Place    | Note
-------+----------+-------------------------------------------
     0 | D:1      | jasper the Demigod Venom Mage began the quest for the Orb.
     0 | D:1      | Reached XP level 1. HP: 14/14 MP: 5/5
   121 | D:1      | Reached skill level 3 in Poison Magic
   215 | D:1      | Slain by a hobgoblin

Illustrated notes

Levels and vault maps discovered:
D:1:      amcnicky_arrival_abandoned_market, layout_rooms,
          corexii_leaking_fountain, st_stairs_8

Skill      XL: |  1 |
---------------+----+-----
Poison Magic   | 3 |  3.1
Dodging        | |  1.7
Stealth        | |  1.7
Spellcasting   | |  1.7
Transmutations | |  0.8

Action                     || total
---------------------------++-------
  Melee: Club              ||     4
   Cast: Sting             ||    16
 Armour: Robe              ||     1
  Dodge: Dodged            ||     9
